 Dungeon Crawl Stone Soup version 0.29.1-1-gd02db6906a (webtiles) character file.

Game seed: 12989920559480487208

1430 dave1331 the Ruffian (level 8, -8/67 (75) HPs)
             Began as a Troll Fighter on Oct 1, 2022.
             Was a Priest of Vehumet.
             Mangled by a wight
             ... wielding a +3 battleaxe
              (19 damage)
             ... on level 7 of the Dungeon on Oct 2, 2022.
             The game lasted 00:20:46 (5188 turns).

dave1331 the Ruffian (Troll Fighter)                Turns: 5188, Time: 00:20:48

HP:   -8/67 (75)    AC: 11    Str: 25    XL:     8   Next: 44%
MP:   7/7           EV:  9    Int:  4    God:    Vehumet [***...]
Gold: 396           SH:  8    Dex: 11    Spells: 7/7 levels left

rFire   . . .      SeeInvis .   v - +2 flail (protect)
rCold   . . .      Faith    .   b - +0 kite shield
rNeg    . . .      Spirit   .   a - +0 robe
rPois   .          Reflect  .   (helmet restricted)
rElec   .          Harm     .   (no cloak)
rCorr   .          Rampage  .   (gloves unavailable)
Will    .....                   (boots unavailable)
Stlth   +.........              i - amulet of the acrobat
HPRegen 1.01/turn               (no ring)
MPRegen 0.10/turn               (no ring)

@: under a protective aura, heavily drained
A: large, unfitting armour, claws 3, regeneration 1, shaggy fur 1, tough skin 1
a: Renounce Religion


You were on level 7 of the Dungeon.
You worshipped Vehumet.
Vehumet was most pleased with you.
You visited 1 branch of the dungeon, and saw 7 of its levels.

You collected 396 gold pieces.

Inventory:

Hand Weapons
 q - a +2 short sword of electrocution
 v - a +2 flail of protection (weapon)
Armour
 a - a +0 robe (worn)
 b - a +0 kite shield (worn)
 t - a +0 chain mail
 x - a +0 pair of gloves
 y - a +0 pair of boots
Jewellery
 i - an amulet of the acrobat (around neck)
 D - a ring of fire
Wands
 o - a wand of iceblast (43) (quivered)
 r - a wand of flame (22)
 C - a wand of acid (7)
Scrolls
 e - 2 scrolls of amnesia
 g - 6 scrolls of teleportation
 k - a scroll of poison {unknown}
 m - 2 scrolls of immolation {unknown}
 n - a scroll of enchant armour {unknown}
 w - a scroll of magic mapping {unknown}
 B - a scroll of noise {unknown}
Potions
 c - 4 potions of might
 d - a potion of invisibility {unknown}
 f - 2 potions of flight {unknown}
 h - 2 potions of heal wounds
 j - a potion of attraction {unknown}
 l - 3 potions of lignification {unknown}
 p - a potion of brilliance {unknown}
 s - a potion of degeneration {unknown}
 u - 5 potions of curing {unknown}
 z - 2 potions of mutation {unknown}
 A - a potion of haste {unknown}


   Skills:
 + Level 3.4 Fighting
 + Level 3.9 Maces & Flails
 + Level 4.6 Dodging
 + Level 0.6 Stealth
 + Level 5.3 Shields
 + Level 5.6 Unarmed Combat


You had 7 spell levels left.
You didn't know any spells.
Your spell library contained the following spells:

 Spells                   Type           Power      Damage    Failure   Level
 Conjure Flame            Conj/Fire      0%         6-21      65%         3
 Magic Dart               Conj           0%         1d3       30%         1
 Poisonous Vapours        Pois/Air       0%         N/A       41%         2
 Searing Ray              Conj           0%         2d4       41%         2
 Inner Flame              Hex/Fire       0%         N/A       65%         3
 Sting                    Tmut/Pois      0%         1d3       77%         1
 Sublimation of Blood     Necr           0%         N/A       88%         2
 Wereblood                Tmut           0%         N/A       88%         2
 Fulminant Prism          Conj/Hex       0%         3d6       95%         4
 Olgreb's Toxic Radiance  Pois           0%         N/A       95%         4
 Ozocubu's Armour         Ice            0%         N/A       98%         3
 Portal Projectile        Hex/Tloc       0%         N/A       98%         3
 Tukima's Dance           Hex            0%         N/A       98%         3
 Cause Fear               Hex            0%         N/A       100%        4
 Blade Hands              Tmut           0%         N/A       100%        5
 Ozocubu's Refrigeration  Ice            0%         4d7       100%        7
 Summon Hydra             Summ           0%         N/A       100%        7
 Discord                  Hex            0%         N/A       100%        8


Dungeon Overview and Level Annotations

Branches:
Dungeon (7/15)             Temple (0/1) D:6

Altars:
Vehumet


Innate Abilities, Weirdness & Mutations

You are too large for most types of armour.
You have claws for hands.
Your natural rate of healing is unusually fast.
You are covered in fur. (AC +1)
You have tough skin. (AC +1)


Message History

g - 6 scrolls of teleportation (gained 1)
u - 5 emerald potions (gained 2)
You open the door.
There is an open door here.
You open the door.
There is an open door here.
You now have 396 gold pieces (gained 10).
You open the door. 3 wights come into view.
Found 11 gold pieces.
Found an arbalest.
The wight completely misses you.
There is an open door here.
You hit the wight but do no damage.
Your weapon exudes an aura of protection.
The wight closely misses you. The wight hits you with a +0 halberd!
You closely miss the wight. The wight hits you but does no damage.
The wight closely misses you. The wight hits you with a +3 battleaxe.
You feel drained.
You barely miss the wight. The wight hits you with a +0 halberd!
You feel drained. You block the wight's attack. The wight barely misses you.
The wight hits you from afar with a +0 halberd!
You feel drained. You block the wight's attack. x2
You sock the wight!
Your weapon exudes an aura of protection.
The wight is severely damaged.
The wight hits you from afar with a +0 halberd!
You feel drained. The wight hits you with a +0 halberd!
* * * LOW HITPOINT WARNING * * *
The wight barely misses you. The wight attacks as you move away!
The wight barely misses you. The wight closely misses you.
You closely miss the wight. The wight hits you but does no damage.
The wight barely misses you.
You sock the wight!
The wight is severely damaged.
You block the wight's attack.
The wight hits you from afar with a +0 halberd!
* * * LOW HITPOINT WARNING * * *
The wight hits you with a +3 battleaxe!!
You die...

####### )...... .......
......z################
......zz@.............#
..$....##############.#
....... ##'## .......
#...# ####### #...#
#...# #...# #######'###
...........


You could see 3 wights.

Vanquished Creatures
  2 water moccasins
  An ogre (D:4)
  A centaur (D:6)
  2 scorpions
  2 necrophages (D:6)
  A howler monkey (D:5)
  2 jellies (D:6)
  2 hounds
  A gnoll bouda (D:5)
  2 orc priests
  5 iguanas
  Natasha (thrice) (D:4)
  3 orc wizards
  6 gnolls (D:5)
  7 adders
  A white imp (D:5)
  2 ufetubi
  4 worms
  4 dart slugs
  17 orcs
  7 ball pythons
  6 bats
  An endoplasm (D:3)
  8 giant cockroaches
  10 goblins
  11 hobgoblins
  4 jackals (D:1)
  10 kobolds
  10 quokkas
  4 frilled lizards
  3 rats
142 creatures vanquished.

Notes
Turn   | Place    | Note
-------+----------+-------------------------------------------
     0 | D:1      | dave1331 the Troll Fighter began the quest for the Orb.
     0 | D:1      | Reached XP level 1. HP: 22/22 MP: 0/0
    83 | D:1      | Reached XP level 2. HP: 29/29 MP: 1/1
   209 | D:1      | Reached XP level 3. HP: 34/36 MP: 2/2
   822 | D:2      | Reached XP level 4. HP: 44/44 MP: 3/3
   830 | D:2      | Found a faded altar of an unknown god.
   836 | D:2      | Prayed at the altar of an unknown god.
   836 | D:2      | Became a worshipper of Vehumet
   836 | D:2      | Reached * piety under Vehumet
   836 | D:2      | Offered knowledge of Freeze by Vehumet.
  1156 | D:3      | Reached ** piety under Vehumet
  1156 | D:3      | Offered knowledge of Foxfire by Vehumet.
  1365 | D:3      | Found a glowing drain.
  1788 | D:4      | Reached XP level 5. HP: 52/52 MP: 4/4
  1887 | D:4      | Noticed Natasha
  1890 | D:4      | Killed Natasha
  1925 | D:4      | Noticed an ogre
  1937 | D:4      | Killed an ogre
  1938 | D:4      | Reached XP level 6. HP: 32/61 MP: 5/5
  2118 | D:4      | Noticed Natasha
  2127 | D:4      | Killed Natasha
  2659 | D:4      | Offered knowledge of Mephitic Cloud by Vehumet.
  2995 | D:4      | Noticed Natasha
  3002 | D:4      | Killed Natasha
  3083 | D:5      | Entered Level 5 of the Dungeon
  3122 | D:5      | Reached skill level 5 in Unarmed Combat
  3122 | D:5      | Reached XP level 7. HP: 47/67 MP: 6/6
  3454 | D:5      | Reached *** piety under Vehumet
  3581 | D:5      | Reached skill level 1 in Maces & Flails
  4112 | D:6      | Found a staircase to the Ecumenical Temple.
  4135 | D:6      | Reached XP level 8. HP: 67/75 MP: 7/7
  4243 | D:6      | Reached skill level 5 in Shields
  4256 | D:6      | Offered knowledge of Conjure Flame by Vehumet.
  4703 | D:6      | Identified the +2 rapier "Lorem Ipsum" {vorpal, rElec
                  | Dex+5}
  5188 | D:7      | Mangled by a wight

Illustrated notes

Levels and vault maps discovered:
D:1:      tarquinn_simple_flora_water_f, layout_rooms
D:2:      layout_basic, basic_ecumenical_altar
D:3:      layout_basic, cheibrodos_sewer_entry_sluice, minmay_misc_feat_columns
D:4:      layout_basic, uniq_natasha
D:5:      layout_loops_ring
D:6:      layout_loops_corners, minmay_temple_entry_grid
D:7:      layout_basic, uniq_maggie

Skill      XL: |  1  2  3  4  5  6  7  8 |
---------------+-------------------------+-----
Shields        | 3 4 5 |  5.3
Unarmed Combat | 3 4 5 |  5.6
Dodging        | 3 4 |  4.6
Fighting       | 3 |  3.4
Maces & Flails | 2 3 |  3.9
Stealth        | |  0.6

Action                   |  1- 3 |  4- 6 |  7- 9 || total
-------------------------+-------+-------+-------++-------
Melee: Unarmed           |   100 |   175 |    25 ||   300
       Flail             |       |       |   152 ||   152
Evoke: Wand              |       |       |     1 ||     1
  Use: Scroll            |       |     4 |     1 ||     5
       Potion            |       |       |     3 ||     3
 Stab: Sleeping          |       |     2 |     1 ||     3
Armor: Robe              |    41 |    43 |    77 ||   161
Dodge: Dodged            |    49 |   114 |    97 ||   260
Block: Kite shield       |    40 |    82 |   117 ||   239
